 Dungeon Crawl Stone Soup version 0.17.1-3-g152610e (webtiles) character file.

562 dearth the Cudgeler (level 7, -10/61 HPs)
             Began as a Minotaur Fighter on Feb 22, 2016.
             Mangled by a gnoll
             ... wielding a +2 whip of electrocution
              (17 damage)
             ... on level 4 of the Dungeon.
             The game lasted 00:09:58 (2776 turns).

dearth the Cudgeler (Minotaur Fighter)              Turns: 2776, Time: 00:09:59

Health: -10/61     AC: 12    Str: 28    XL:     7   Next: 10%
Magic:  6/6        EV:  6    Int:  5    God:
Gold:   149        SH: 10    Dex:  9    Spells: 0 memorised, 6 levels left

rFire  . . .     SeeInvis .     a - +0 flail
rCold  . . .     Clarity  .     n - +0 chain mail
rNeg   + . .     SustAt   .     c - +0 shield
rPois  .         Gourm    .     (helmet restricted)
rElec  .         Spirit   .     (no cloak)
rCorr  .         Warding  .     (no gloves)
rMut   .         Stasis   .     t - +1 pair of boots
MR     .....                    (no amulet)
Stlth  ..........               r - +5 ring of strength
                                k - ring of positive energy

@: not resistant to hostile enchantments, extremely unstealthy
A: retaliatory headbutt, horns 2
a: no special abilities


You were on level 4 of the Dungeon.
You were not hungry.

You visited 1 branch of the dungeon, and saw 6 of its levels.

You collected 149 gold pieces.

Inventory:

Hand Weapons
 a - a +0 flail (weapon)
Missiles
 s - 2 needles of paralysis
 w - 17 poisoned needles (quivered)
Armour
 c - a +0 shield (worn)
 n - a +0 chain mail (worn)
 t - a +1 pair of boots (worn)
Jewellery
 k - a ring of positive energy (left hand)
 r - a +5 ring of strength (right hand)
 y - an uncursed ring of sustain attributes
 B - an uncursed amulet of resist mutation {unknown}
Wands
 x - a wand of digging (7)
Scrolls
 b - 5 scrolls of teleportation {unknown}
 g - 3 scrolls of identify {unknown}
 h - 2 scrolls of magic mapping {unknown}
 j - 2 scrolls of recharging {unknown}
 q - 2 scrolls of fog {unknown}
 u - a scroll of blinking {unknown}
 A - a scroll of random uselessness {unknown}
 D - a scroll of remove curse {unknown}
Potions
 d - 3 potions of might
 f - a potion of beneficial mutation {unknown}
 i - a potion of mutation {unknown}
 m - 2 potions of flight {unknown}
 o - 3 potions of heal wounds {unknown}
 p - 2 potions of curing {unknown}
 v - a potion of invisibility {unknown}
 z - a potion of resistance {unknown}
Comestibles
 e - 3 bread rations
 l - 3 meat rations
 C - a beef jerky


   Skills:
 + Level 5.4 Fighting
 * Level 6.0 Maces & Flails
 + Level 5.5 Armour
 + Level 5.4 Shields


You had 6 spell levels left.
You didn't know any spells.

Dungeon Overview and Level Annotations

Branches:
Dungeon (6/15)
 Temple: D:4-7

Altars:
Ashenzari
Dithmenos
Kikubaaqudgha
Qazlal
Sif Muna


Innate Abilities, Weirdness & Mutations

You reflexively headbutt those who attack you in melee.
You have a pair of horns on your head.


Message History

Things that are here:
a club; a leather armour Unknown command.
You hit the gnoll.
The gnoll is heavily wounded.
The gnoll hits you with a whip of electrocution.
You are electrocuted!
The gnoll closely misses you. You furiously retaliate!
You headbutt the gnoll, but do no damage.
The gnoll hits you with a club.
The gnoll hits you with a whip of electrocution.
You are electrocuted!
* * * LOW HITPOINT WARNING * * *
You hit the gnoll.
You kill the gnoll!
Your Maces & Flails skill increases to level 6!
You block the gnoll's attack.
The gnoll hits you with a whip of electrocution.
* * * LOW HITPOINT WARNING * * *
You are electrocuted!
You die...

###...#.## ##.......#
#......####.........
###.......'.........
#....####.........
#.#.## ##.......#
#.### ##.....##
####.##### ##...###
#........# ........
#g@)##.# #.#######
#..g##.# #.# #
##.#...##.####.# #
#.)...[........# #
#..##.#.#.#.#..# #
#..!......#.#..# #
#.###.#.#.#.#..#######
#. #.......#.........
###.#.###.########


You could see 2 gnolls.

Vanquished Creatures
  An ogre (D:4)
  A centaur (D:5)
  2 orc priests (D:3)
  A gnoll shaman (D:4)
  An iguana (D:4)
  2 worker ants
  11 gnolls
  3 adders
  2 oozes
  2 adder skeletons
  2 worms (D:2)
  4 giant geckos
  10 orcs
  7 giant cockroaches
  6 goblins
  7 hobgoblins
  10 jackals
  6 kobolds
  A quokka (D:2)
  7 bats
  2 giant newts
  7 rats
95 creatures vanquished.

Notes
Turn   | Place    | Note
--------------------------------------------------------------
     0 | D:1      | dearth the Minotaur Fighter began the quest for the Orb.
     0 | D:1      | Reached XP level 1. HP: 19/19 MP: 0/0
   209 | D:1      | Reached XP level 2. HP: 25/27 MP: 1/1
   268 | D:1      | Reached skill level 4 in Armour
   345 | D:1      | You fall through a shaft!
   400 | D:2      | Reached XP level 3. HP: 29/33 MP: 2/2
   409 | D:2      | Found a shattered altar of Ashenzari.
  1431 | D:3      | Reached XP level 4. HP: 40/40 MP: 3/3
  1545 | D:3      | Reached XP level 5. HP: 14/47 MP: 4/4
  1836 | D:3      | You fall through a shaft for 3 floors!
  1864 | D:5      | Entered Level 5 of the Dungeon
  1864 | D:5      | Noticed a centaur
  1865 | D:5      | Killed a centaur
  1865 | D:5      | Reached skill level 5 in Armour
  1865 | D:5      | Reached skill level 5 in Shields
  2006 | D:4      | Found an ancient bone altar of Kikubaaqudgha.
  2007 | D:4      | Found a stormy altar of Qazlal.
  2065 | D:3      | Reached XP level 6. HP: 53/53 MP: 5/5
  2084 | D:3      | Reached skill level 5 in Maces & Flails
  2189 | D:3      | Reached skill level 5 in Fighting
  2221 | D:3      | Found a deep blue altar of Sif Muna.
  2394 | D:4      | Noticed an ogre
  2400 | D:4      | Killed an ogre
  2457 | D:4      | Found a shadowy altar of Dithmenos.
  2628 | D:4      | Reached XP level 7. HP: 61/61 MP: 6/6
  2776 | D:4      | Reached skill level 6 in Maces & Flails
  2776 | D:4      | Mangled by a gnoll

Action                   |  1- 3 |  4- 6 |  7- 9 || total
-------------------------+-------+-------+-------++-------
Melee: Flail             |   100 |   128 |    10 ||   238
  Eat: Meat ration       |     1 |       |       ||     1
       Chunk             |       |     1 |       ||     1
